 Dungeon Crawl Stone Soup version 0.25.1-2-g60ff931df9 (webtiles) character file.

Game seed: 16169597847721595127

18171 DogServant the Martial Artist (level 12, -4/105 HPs)
             Began as a Naga Transmuter on Oct 18, 2020.
             Was a High Priest of Okawaru.
             Slain by a killer bee (9 damage)
             ... on level 2 of the Lair of Beasts.
             The game lasted 00:31:21 (16852 turns).

DogServant the Martial Artist (Naga Transmuter)    Turns: 16852, Time: 00:31:22

Health: -4/105     AC:  7    Str: 14    XL:     12   Next: 55%
Magic:  5/16       EV: 14    Int: 17    God:    Okawaru [*****.]
Gold:   573        SH:  5    Dex: 14    Spells: 2/17 levels left

rFire    + . .     SeeInvis +     - Unarmed
rCold    + . .     Gourm    .   (shield currently unavailable)
rNeg     . . .     Faith    .   H - +2 robe "Vitatzus" {Int+2}
rPois    +         Spirit   .   I - +0 hat {MR+}
rElec    .         Reflect  +   s - scarf {repulsion}
rCorr    .         Harm     .   (gloves currently unavailable)
MR       ++...                  (no barding)
Stlth    +++.......             w - amulet of reflection
HPRegen  0.27/turn              G - ring of protection from fire
MPRegen  0.15/turn              t - ring of protection from cold

@: mighty, lethally poisoned (-4 -> -6), blade hands (expiring), heroism,
finesse, hasted, repel missiles, quick
A: large, see invisible, deformed body, poison resistance, slowness 2, slow
metabolism 1, spit poison 1, AC +4
a: Spit Poison, End Transformation, Heroism, Finesse, Renounce Religion


You were on level 2 of the Lair of Beasts.
You worshipped Okawaru.
Okawaru was extremely pleased with you.
You were not hungry.
You had blades for hands.
You visited 2 branches of the dungeon, and saw 13 of its levels.

You collected 573 gold pieces.

Inventory:

Missiles
 a - 208 arrows
 v - 65 poisoned darts (quivered)
Armour
 b - a +2 robe
 l - a +0 buckler (melded)
 s - a scarf of repulsion (worn)
 C - a +0 pair of gloves (melded)
 H - the +2 robe "Vitatzus" (worn) {Int+2}
   (Okawaru gifted it to you on level 9 of the Dungeon)

   It affects your intelligence (+2).
 I - a +0 hat of magic resistance (worn)
Jewellery
 t - a ring of protection from cold (right scythe-like blade)
 u - an uncursed ring of positive energy
 w - an amulet of reflection (around neck)
 x - an uncursed ring of flight
 z - an uncursed ring of wizardry
 A - an uncursed amulet of the acrobat
 G - a ring of protection from fire (left scythe-like blade)
Wands
 D - a wand of acid (8)
 F - a wand of polymorph (7)
 J - a wand of random effects (24)
Scrolls
 f - 8 scrolls of remove curse
 h - 2 scrolls of amnesia
 m - 4 scrolls of fog
 n - 2 scrolls of magic mapping
 o - a scroll of enchant weapon
 q - 3 scrolls of immolation
 y - 3 scrolls of enchant armour
 K - 3 scrolls of identify
Potions
 c - 4 potions of cancellation
 g - 2 potions of stabbing
 j - a potion of mutation
 k - a potion of flight
 p - 2 potions of brilliance
 r - a potion of might
 B - a potion of degeneration
Comestibles
 d - 17 rations


   Skills:
 - Level 6.0(11.0) Fighting
 + Level 2.8(7.8) Dodging
 - Level 2.4(7.4) Shields
 + Level 11.2(16.2) Unarmed Combat
 - Level 3.0 Spellcasting
 + Level 10.3 Transmutations
 - Level 5.5 Ice Magic
 - Level 7.7 Poison Magic
 + Level 6.5 Invocations
 - Level 5.4 Evocations


You had 2 spell levels left.
You knew the following spells:

 Your Spells              Type           Power        Failure   Level  Hunger
a - Beastly Appendage     Tmut           #####.       10%         1    None
b - Sticks to Snakes      Tmut           #####...     11%         2    ##.....
c - Spider Form           Tmut/Pois      ####......   17%         3    ###....
d - Blade Hands           Tmut           #####.....   38%         5    ######.
e - Ice Form              Ice/Tmut       ####....     38%         4    ####...

Your spell library contained the following spells:

 Spells                   Type           Power        Failure   Level  Hunger
 Animate Skeleton         Necr           N/A          58%         1    None
 Apportation              Tloc           #.....       58%         1    None
 Corona                   Hex            #......      58%         1    None
 Foxfire                  Conj/Fire      #...         58%         1    None
 Pain                     Necr           #...         58%         1    None
 Summon Small Mammal      Summ           #...         58%         1    None
 Call Imp                 Summ           #.......     69%         2    ##.....
 Call Canine Familiar     Summ           #.......     85%         3    ###....
 Conjure Flame            Conj/Fire      #.......     85%         3    ###....
 Inner Flame              Hex/Fire       #.......     85%         3    ###....
 Summon Guardian Golem    Hex/Summ       #.......     85%         3    ###....
 Vampiric Draining        Necr           #.........   85%         3    ###....
 Summon Ice Beast         Ice/Summ       ##......     87%         4    ####...
 Animate Dead             Necr           N/A          99%         4    ####...
 Sticky Flame             Conj/Fire      #.......     99%         4    ####...
 Summon Lightning Spire   Summ/Air       #.......     99%         4    ####...
 Agony                    Necr           #.......     100%        5    ######.
 Fireball                 Conj/Fire      #.........   100%        5    ######.
 Malign Gateway           Summ/Tloc      #.........   100%        7    #######
 Monstrous Menagerie      Summ           #.........   100%        7    #######
 Summon Greater Demon     Summ           #.........   100%        7    #######
 Summon Horrible Things   Summ           #.........   100%        8    #######


Dungeon Overview and Level Annotations

Branches:
Dungeon (11/15)            Temple (0/1) D:4            Lair (2/6) D:10
  Swamp: Lair:2-4    Shoals: Lair:2-4     Snake: Lair:2-4    Spider: Lair:2-4
    Orc: D:9-12

Altars:
Cheibriados
Dithmenos
Makhleb
Okawaru
Qazlal
Trog
Xom

Shops:
D:8 (   D:10 %

Annotations:
D:4 3 runed translucent doors, Gaxx's ghost, amateur DsGl
D:8 2 transporters, diiiiiane's ghost, novice DEFE
Lair:1 exclusion: oklob plant


Innate Abilities, Weirdness & Mutations

You cannot wear boots.
Your serpentine skin is tough. (AC +4)
You have supernaturally acute eyesight. (SInv)
Armour fits poorly on your strangely shaped body.
Your system is resistant to poisons. (rPois)
You cover ground very slowly.
You have a slow metabolism.
You can spit poison.


Message History

The killer bee misses you.
The killer bee stings you but does no damage.
Okay, then.
Okay, then.
Okay, then.
You shred the killer bee!!!
You kill the killer bee!
Okawaru accepts your kill.
The killer bee stings you but does no damage. x2
The water moccasin bites you.
* * * LOW HITPOINT WARNING * * *
Unknown command.
You feel yourself speed up.
You feel sick. The killer bee stings you.
* * * LOW HITPOINT WARNING * * *
The killer bee closely misses you. The killer bee barely misses you.
You block the water moccasin's attack. The killer bee misses you.
The killer bee closely misses you. x2
A yak comes into view.
You feel sick. The killer bee stings you!
You die...

......... ........#.
#........#..
#............
####............
..#..#............
Y.....†............
#.....†yy...........
.#.l.ySy@.?.........♣
#....................♣
#......................
..#....................
#...........[...........
.#......................
.#...#.................
....#.................
... ###..###...........


You could see a water moccasin (corroded), a wyvern and 4 killer bees.

Vanquished Creatures
  Gastronok (D:9)
  3 two-headed ogres
  Erica (D:10)
  A cyclops (D:11)
  2 black mambas (Lair:1)
  Maggie (D:6)
  A komodo dragon (Lair:1)
  A troll (D:10)
  A hornet (D:11)
  Grinder (D:3)
  4 blink frogs
  A meliai zombie (D:11)
  6 hippogriffs
  16 yaks
  2 wyverns (Lair:2)
  3 hogs (D:7)
  A human (D:7)
  A basilisk (Lair:2)
  3 water moccasins
  3 porcupines
  An ice beast (D:7)
  5 orc warriors
  2 phantoms
  2 black bears
  A necrophage (D:9)
  3 sky beasts (D:9)
  3 wolves
  5 ogres
  4 centaurs
  4 crocodiles
  2 big kobolds
  3 bullfrogs
  A wyvern zombie (D:11)
  5 scorpions
  18 killer bees
  7 wights
  2 howler monkeys
  A bullfrog zombie (D:11)
  A crimson imp (D:7)
  2 jellies
  8 orc priests
  5 hounds
  A bullfrog skeleton (D:11)
  9 orc wizards
  3 centaur skeletons
  3 iguanas
  Ijyb (D:3)
  4 worker ants
  A hound zombie (D:6)
  A hound skeleton (D:10)
  2 worker ant zombies
  4 gnolls (D:3)
  A river rat (D:6)
  8 adders
  2 howler monkey skeletons (D:8)
  5 shadow imps
  A worm (D:5)
  A dart slug (D:2)
  4 leopard geckos
  46 orcs
  7 ball pythons
  20 giant cockroaches
  5 hobgoblins
  21 jackals
  A quokka (D:5)
  8 bats
  2 frilled lizards (D:2)
  6 goblins
  8 kobolds
  A leopard gecko skeleton (D:6)
  A quokka zombie (D:5)
  9 rats
324 creatures vanquished.

Vanquished Creatures (collateral kills)
  Menkaure (D:5)
  An ice beast (D:4)
  A phantom (D:5)
3 creatures vanquished.

Vanquished Creatures (others)
  A fungus (Lair:2)
  7 plants
8 creatures vanquished.

Grand Total: 335 creatures vanquished

Notes
Turn   | Place    | Note
-------+----------+-------------------------------------------
     0 | D:1      | DogServant the Naga Transmuter began the quest for the Orb.
     0 | D:1      | Reached XP level 1. HP: 18/18 MP: 3/3
   279 | D:1      | Reached XP level 2. HP: 25/25 MP: 5/5
   919 | D:2      | Reached XP level 3. HP: 32/32 MP: 6/6
  1136 | D:2      | Learned a level 2 spell: Sticks to Snakes
  1145 | D:2      | Reached skill level 1 in Shields
  1217 | D:2      | Found a bloodstained altar of Trog.
  1353 | D:2      | Reached XP level 4. HP: 24/39 MP: 7/7
  1791 | D:2      | Reached skill level 4 in Unarmed Combat
  2403 | D:3      | Reached XP level 5. HP: 34/45 MP: 6/8
  2931 | D:3      | Noticed Grinder
  2962 | D:4      | Found a runed translucent gate.
  2962 | D:4      | Found a runed translucent gate.
  2962 | D:4      | Found a runed translucent gate.
  2963 | D:4      | Noticed Gaxx's ghost (amateur DsGl)
  2967 | D:4      | Noticed an ice beast
  2998 | D:4      | Learned a level 3 spell: Spider Form
  3010 | D:4      | Found an iron altar of Okawaru.
  3174 | D:4      | Became a worshipper of Warmaster Okawaru
  3311 | D:4      | Found a staircase to the Ecumenical Temple.
  3345 | D:4      | Killed an ice beast
  3668 | D:4      | Reached XP level 6. HP: 52/52 MP: 7/9
  3707 | D:4      | Found a burning altar of Makhleb.
  3801 | D:5      | Entered Level 5 of the Dungeon
  3832 | D:5      | Reached skill level 5 in Unarmed Combat
  4219 | D:5      | Reached * piety under Okawaru
  4333 | D:5      | Noticed a phantom
  4340 | D:5      | Noticed Menkaure
  4770 | D:3      | Found a faded altar of an unknown god.
  4821 | D:3      | Paralysed by Grinder for 5 turns
  4836 | D:3      | Killed Grinder
  4836 | D:3      | Reached XP level 7. HP: 16/60 MP: 10/10
  5318 | D:3      | Noticed Ijyb
  5318 | D:3      | Paralysed by Ijyb for 4 turns
  5342 | D:3      | Paralysed by Ijyb for 7 turns
  5360 | D:3      | Killed Ijyb
  5477 | D:3      | Reached skill level 6 in Unarmed Combat
  5741 | D:5      | Killed Menkaure
  5741 | D:5      | Reached skill level 5 in Transmutations
  5773 | D:5      | Reached ** piety under Okawaru
  5982 | D:5      | Found a snail-covered altar of Cheibriados.
  6245 | D:6      | Reached XP level 8. HP: 51/67 MP: 11/11
  6364 | D:6      | Reached skill level 1 in Poison Magic
  6845 | D:6      | Reached skill level 7 in Unarmed Combat
  7062 | D:6      | Noticed Maggie
  7090 | D:6      | Killed Maggie
  7130 | D:6      | Reached *** piety under Okawaru
  7415 | D:6      | Found a shimmering altar of Xom.
  7685 | D:7      | Reached XP level 9. HP: 35/73 MP: 9/12
  7786 | D:7      | Reached skill level 5 in Poison Magic
  8401 | D:7      | Reached skill level 8 in Unarmed Combat
  8586 | D:7      | Reached **** piety under Okawaru
  8824 | D:7      | Found a stormy altar of Qazlal.
  9304 | D:8      | Found a transporter.
  9393 | D:8      | Reached XP level 10. HP: 69/80 MP: 11/14
  9429 | D:7      | Reached skill level 9 in Unarmed Combat
  9618 | D:7      | Learned a level 5 spell: Blade Hands
  9734 | D:8      | Found a transporter.
  9739 | D:8      | Identified the +5 scale mail "Voxkop" {rPois MP-9 Dex+3}
  9773 | D:8      | Learned a level 4 spell: Ice Form
  9976 | D:8      | Noticed a two-headed ogre
  9983 | D:8      | Killed a two-headed ogre
  9983 | D:8      | Reached ***** piety under Okawaru
 10158 | D:8      | Found Lymaats's Antique Weapon Shop.
 10264 | D:8      | Identified the ring "Vovau" {rPois rN++ MP+9}
 10264 | D:8      | Noticed diiiiiane's ghost (novice DEFE)
 10876 | D:9      | Found a shadowy altar of Dithmenos.
 10903 | D:9      | Received a gift from Okawaru
 10903 | D:9      | Reached skill level 1 in Invocations
 11026 | D:9      | Reached skill level 1 in Ice Magic
 11026 | D:9      | Reached skill level 1 in Evocations
 11368 | D:9      | Reached skill level 10 in Unarmed Combat
 11559 | D:9      | Noticed a two-headed ogre
 11568 | D:9      | Killed a two-headed ogre
 11568 | D:9      | Received a gift from Okawaru
 11568 | D:9      | Reached XP level 11. HP: 14/92 MP: 5/15
 11571 | D:9      | Got a distressingly furry robe {god gift}
 11582 | D:9      | Identified the +2 robe "Vitatzus" {Int+2} (Okawaru gifted
                  | it to you on level 9 of the Dungeon)
 12475 | D:9      | Noticed Gastronok
 12491 | D:9      | Killed Gastronok
 13005 | D:10     | Entered Level 10 of the Dungeon
 13006 | D:10     | Found a staircase to the Lair.
 13522 | D:10     | Noticed Erica
 13539 | D:10     | Killed Erica
 13611 | D:10     | Found Zerawn's Food Shop.
 14086 | D:11     | Reached skill level 5 in Fighting
 14088 | D:11     | Noticed a cyclops
 14098 | D:11     | Killed a cyclops
 14250 | D:11     | Noticed a two-headed ogre
 14267 | D:11     | Killed a two-headed ogre
 14267 | D:11     | Reached skill level 5 in Invocations
 14659 | D:11     | Reached skill level 5 in Ice Magic
 14693 | D:11     | Reached XP level 12. HP: 103/103 MP: 10/16
 15042 | Lair:1   | Entered Level 1 of the Lair of Beasts
 15077 | Lair:1   | Reached skill level 5 in Evocations
 15100 | Lair:1   | HP: 4/104 [yak (17)]
 15103 | Lair:1   | Reached skill level 11 in Unarmed Combat
 15374 | Lair:1   | Found a dark tunnel.
 15401 | Lair:1   | Found a gate leading to a gauntlet.
 15582 | Lair:1   | Reached skill level 10 in Transmutations
 16851 | Lair:2   | HP: 5/105 [killer bee (1)]
 16852 | Lair:2   | Slain by a killer bee

Illustrated notes

Levels and vault maps discovered:
D:1:      dpeg_arrival_simpleton_a, layout_basic
D:2:      minmay_roachtagon, layout_loops_ring, old_standard_altar,
          first_ration, wander_ebering_terrifying_dragon_lair
D:3:      layout_basic, chequers_ecumenical_altar_simple_redux,
          minmay_shallow_snake_nest, uniq_ijyb, uniq_grinder
D:4:      layout_rooms, lemuel_doored_altar, okawaru_ov_weapons_minmay,
          minmay_temple_entry_slanted, gammafunk_ghost_necromancy
D:5:      layout_rooms, slow_altar_2, uniq_menkaure
D:6:      layout_basic, portal_sewer_entry_e, xom_teletrap_fun, uniq_maggie
D:7:      layout_cave_pods, grunt_qazlal_clouds, grunt_livestock
D:8:      layout_basic, serial_shops, nicolae_shop_window_shopping,
          gammafunk_ghost_gnarly_gnolls, minmay_stone_trees_large
D:9:      layout_basic, grunt_dithmenos_shadows, uniq_gastronok
D:10:     layout_basic, erik_lair_island, serial_shops,
          nicolae_shop_statue_plus, uniq_erica
D:11:     layout_roguey
Lair:1:   layout_big_grid, gauntlet_entry_generic,
          nicolae_volcano_entry_hallway, chequers_serial_rivers_small_3,
          patterned_corridor, lemuel_fruit_tree, minmay_lair_oklob_chamber
Lair:2:   regret_index_harrowing_hell_hive, layout_regular_city,
          minmay_swamp_entry_worms, serial_bayou_shore_b

Skill      XL: |  1  2  3  4  5  6  7  8  9 10 11 12 |
---------------+-------------------------------------+-----
Fighting       | 2 4 5 6 |  6.0
Shields        | 1 2 |  2.4
Unarmed Combat | 4 5 6 7 8 10 11 | 11.2
Transmutations | 3 4 5 6 8 9 10 | 10.3
Poison Magic   | 4 7 |  7.7
Dodging        | 2 |  2.8
Spellcasting   | 3 |  3.0
Invocations    | 3 5 6 |  6.5
Ice Magic      | 3 5 |  5.5
Evocations     | 3 4 5 |  5.4

Action                   |  1- 3 |  4- 6 |  7- 9 | 10-12 || total
-------------------------+-------+-------+-------+-------++-------
Melee: Dagger            |   151 |   182 |   161 |       ||   494
       Unarmed           |     2 |       |   242 |   459 ||   703
       Headbutt          |     6 |    11 |    31 |     6 ||    54
       Punch             |     3 |       |       |    15 ||    18
 Cast: Beastly Appendage |     7 |    21 |    31 |     7 ||    66
       Sticks to Snakes  |       |     7 |    13 |     1 ||    21
       Spider Form       |       |       |    10 |       ||    10
       Blade Hands       |       |       |       |    52 ||    52
       Ice Form          |       |       |       |     2 ||     2
Invok: Heroism           |       |       |     1 |     8 ||     9
       Finesse           |       |       |       |     3 ||     3
 Abil: Spit Poison       |     3 |    13 |    19 |     9 ||    44
       End Transformatio |       |       |       |     2 ||     2
Evoke: Wand              |       |     4 |       |     3 ||     7
  Use: Scroll            |       |    17 |     3 |     8 ||    28
       Potion            |       |     1 |     4 |     6 ||    11
 Stab: Sleeping          |     1 |     2 |     1 |       ||     4
       Distracted        |       |     1 |     1 |       ||     2
  Eat: Chunk             |     1 |     6 |    14 |    17 ||    38
       Ration            |       |     2 |       |     7 ||     9
Armor: Robe              |    27 |    37 |    65 |    87 ||   216
       Skin              |       |       |     1 |     2 ||     3
Dodge: Dodged            |    92 |    80 |   165 |   201 ||   538
       Repelled          |       |     3 |       |     2 ||     5
Block: Buckler           |       |    61 |   143 |    37 ||   241
       Other             |       |       |    17 |    78 ||    95
       Reflection        |       |       |    11 |     4 ||    15
